AoeStats
← Dark Woinic

Pilgrims

507252121Analyzed
2v2 RM · 13d ago on Sep 17, 2026· 54m 52s· 4 players
Game mode
Random Map
Map size
Medium (4 player)
Population
200
Speed
Normal
Resources
Standard
Victory
Conquest
Starting age
Dark Age
Ending age
Imperial Age
RankedLock teamsTeams togetherTeam positionsShared explorationLock speedFull tech treeHidden civsTurbo modeCheats
Victory
Defeat
🇫🇷 Portuguese · France
1086
+15
🇫🇷 Dravidians · France
1028
+17
🇬🇧 Ethiopians · United Kingdom
1064
-16
🇧🇷 Koreans · Brazil
1046
-16
Lord Tiquira
1:30 Loom
11:33 Feudal Age
16:12 Forging
17:33 Double-Bit Axe
21:24 Castle Age
21:55 Fletching
21:38 Crossbowman
24:26 Wheelbarrow
23:38 Town Watch
26:03 Scale Barding Armor
27:40 Horse Collar
28:11 Bow Saw
31:00 Hand Cart
32:43 Bodkin Arrow
35:26 Medium Warships
37:54 Thumb Ring
38:11 Chain Barding Armor
38:20 Ballistics
49:38 Imperial Age
46:35 Elite Skirmisher
48:15 Chain Barding Armor
48:59 Squires
48:56 Light Cavalry
49:36 Husbandry
49:13 Crossbowman
50:31 Iron Casting
GamePal
4:16 Loom
12:16 Feudal Age
12:49 Double-Bit Axe
16:31 Wheelbarrow
15:56 Horse Collar
17:00 Fishing Lines
20:31 Castle Age
19:48 Scale Barding Armor
19:53 Forging
19:57 Fletching
20:21 Horse Collar
20:33 Gold Mining
21:53 Medium Warships
22:35 Husbandry
22:04 Demolition Ship
32:22 Town Watch
35:52 Imperial Age
33:39 Light Cavalry
37:33 Hussar
44:38 Conscription
51:10 Masonry
Dark Woinic
4:12 Loom
10:32 Feudal Age
16:04 Castle Age
13:57 Double-Bit Axe
17:04 Medium Warships
18:46 Bloodlines
18:44 Scale Barding Armor
26:44 Wheelbarrow
28:15 Fletching
31:19 Hand Cart
33:45 Imperial Age
32:22 Elite Skirmisher
33:51 Bodkin Arrow
34:18 Chain Barding Armor
35:39 Bracer
38:52 Conscription
39:08 Cavalier
40:49 Thumb Ring
41:14 Ballistics
42:27 Pikeman
43:32 Halberdier
vengir-syranon
6:32 Loom
9:51 Feudal Age
11:20 Fishing Lines
18:18 Castle Age
17:33 Double-Bit Axe
19:47 Medium Warships
19:29 Gillnets
19:46 Pikeman
20:27 Squires
25:08 Elite Skirmisher
28:28 Imperial Age
31:49 Gold Mining
43:52 Halberdier
46:16 Conscription
Connection lost

Rejoining the realm…

Still unreachable

The connection could not be restored.

Session expired

The server has moved on; the page needs a fresh start.